[Event "Titled Tuesday Blitz July 4 Early 2023"]
[White "Buscar, Michael"]
[Black "Bauman_Guy"]
[WhiteFideId "2603616"]
[WhiteElo "2388"]
[BlackElo "2676"]
[Result "0-1"]
[Round "1"]
[TimeControl "180+2"]
[Date "2023.07.04"]
[WhiteClock "0:00:00"]
[BlackClock "0:01:16"]
[Board "116"]

1. Nf3 d5 2. b3 Nf6 3. Bb2 Bg4 4. e3 Nbd7 5. Be2 e6 6. c4 Bd6 7. cxd5 exd5 8. O-O O-O 9. d3 c6 10. Nbd2 Re8 11. Re1 Qe7 12. a3 a5 13. Qc2 h6 14. Qc3 Bf5 15. Nf1 Ne5 16. Ng3 Bh7 17. Nxe5 Bxe5 18. Qxe5 Qxe5 19. Bxe5 Rxe5 20. b4 Ree8 21. Reb1 Nd7 22. b5 c5 23. a4 b6 24. Rd1 d4 25. Bf3 Rad8 26. exd4 cxd4 27. Bc6 Re6 28. Bxd7 Rxd7 29. Rac1 Bg6 30. Rc4 f6 31. Kf1 Kh7 32. f3 Re3 33. Ne4 f5 34. Nf2 Re6 35. Re1 Red6 36. Re5 Bf7 37. Rc6 Bb3 38. Rxf5 Bxa4 39. Ne4 Rxc6 40. bxc6 Bxc6 41. Ke1 a4 42. Kd2 Rc7 0-1


[Site "https://www.chess.com"]

[Event "Titled Tuesday Blitz July 4 Early 2023"]
[White "Agibileg, Uurtsaikh"]
[Black "Amanov, Zhanibek"]
[WhiteFideId "4901606"]
[BlackFideId "13700189"]
[WhiteElo "2675"]
[BlackElo "2387"]
[Result "0-1"]
[Round "1"]
[TimeControl "180+2"]
[Date "2023.07.04"]
[WhiteClock "0:00:00"]
[BlackClock "0:00:04"]
[Board "117"]

1. d4 d5 2. c4 c6 3. Nf3 Nf6 4. Nc3 dxc4 5. a4 Bf5 6. g3 e6 7. Bg2 Nbd7 8. O-O Bb4 9. Nd2 Nb6 10. a5 Nbd5 11. Nxc4 Bxc3 12. bxc3 Nxc3 13. Qe1 Qxd4 14. Ne3 Ncd5 15. Nxf5 exf5 16. Ba3 O-O-O 17. Qc1 a6 18. Rd1 Qe5 19. Qc5 Rhe8 20. Rab1 Ne4 21. Bxe4 fxe4 22. Rdc1 Qc7 23. Qd4 f6 24. Qa7 Qb8 25. Rxc6+ Nc7 26. Qb6 Rd7 27. Rbc1 bxc6 28. Qxc6 Red8 29. Qxa6+ Qb7 30. Qe6 Kb8 31. Qa2 Rd1+ 32. Rxd1 Rxd1+ 33. Kg2 e3+ 34. f3 Rd2 35. Qc4 Qb5 36. Qg8+ Kb7 37. a6+ Kxa6 38. Qf7 Qxe2+ 39. Kh3 Qxh2+ 40. Kg4 h5+ 41. Kf4 Nd5+ 42. Kf5 Qh3+ 43. Kg6 Qc8 44. Bb4 Qc2+ 45. Kxg7 Nxb4 46. Qe6+ Kb5 47. Qe8+ Kc4 48. Qc8+ Kd3 49. Qf5+ Ke2 50. Qb5+ Qd3 51. Qxb4 Qd7+ 52. Kg6 Qd3+ 0-1


[Site "https://www.chess.com"]

[Event "Titled Tuesday Blitz July 4 Early 2023"]
[White "Melikhov, Evgeny V."]
[Black "Fromm, Marius"]
[WhiteFideId "4122046"]
[BlackFideId "12993190"]
[WhiteElo "2386"]
[BlackElo "2675"]
[Result "0-1"]
[Round "1"]
[TimeControl "180+2"]
[Date "2023.07.04"]
[WhiteClock "0:00:00"]
[BlackClock "0:00:10"]
[Board "118"]

1. d4 d5 2. c4 e6 3. Nc3 Bb4 4. cxd5 exd5 5. Bf4 c6 6. e3 Nf6 7. Bd3 O-O 8. Ne2 Re8 9. O-O Bd6 10. Bxd6 Qxd6 11. Ng3 a5 12. Qc2 g6 13. Rae1 Na6 14. a3 Nc7 15. f3 Bd7 16. Na4 Ne6 17. Nb6 Ra7 18. Nxd7 Nxd7 19. Qc3 Nf6 20. Bb1 Kg7 21. Bf5 Raa8 22. Bxe6 Qxe6 23. e4 dxe4 24. fxe4 Rad8 25. e5 Ng8 26. Ne4 h6 27. Nd6 Re7 28. Qg3 Kh7 29. b4 axb4 30. axb4 Red7 31. h4 h5 32. Qg5 Qe7 33. Qxe7 Rxe7 34. Nxf7 Rxd4 35. Ng5+ Kg7 36. Rf6 Nxf6 37. exf6+ Kxf6 38. Rf1+ Kg7 39. b5 cxb5 40. Rb1 b4 41. Kf2 Rxh4 42. Nf3 Rg4 43. g3 Rf7 44. Kg2 Rc4 45. Ne5 Rc2+ 46. Kh3 Re7 47. Nd3 Ree2 48. g4 Re3+ 49. Kh4 Rxd3 50. Rxb4 Rh2+ 51. Kg5 Rd5+ 52. Kf4 Rh4 53. Rxb7+ Kh6 54. Kf3 Rxg4 55. Re7 Rf5+ 56. Ke3 h4 57. Re8 Kg5 58. Rh8 Rg3+ 59. Ke4 Kg4 60. Rh7 h3 0-1


[Site "https://www.chess.com"]

[Event "Titled Tuesday Blitz July 4 Early 2023"]
[White "Zhu, Jiner"]
[Black "Slavin, Alexey"]
[WhiteFideId "8608059"]
[BlackFideId "24104388"]
[WhiteElo "2673"]
[BlackElo "2384"]
[Result "0-1"]
[Round "1"]
[TimeControl "180+2"]
[Date "2023.07.04"]
[WhiteClock "0:00:54"]
[BlackClock "0:00:43"]
[Board "119"]

1. c4 Nc6 2. Nc3 Nf6 3. e4 e5 4. Nf3 Bc5 5. d3 h6 6. a3 Ng4 7. d4 Nxd4 8. Nxd4 exd4 9. Na4 d6 10. b4 Bb6 11. h3 Nf6 12. Bd3 O-O 13. O-O Bd7 14. Nb2 c5 15. b5 a6 16. bxa6 bxa6 17. Bf4 Bc6 18. f3 Ba5 19. Rb1 Rb8 20. Bc2 Re8 21. Nd3 Rxb1 22. Qxb1 Bc7 23. Bh2 Nd7 24. Re1 Ne5 25. Bxe5 dxe5 26. Nxc5 a5 27. Nd3 Qg5 28. Qc1 Qg6 29. Qd2 Bd7 30. Kh1 Rb8 31. Nc5 Bc8 32. Rb1 Rxb1+ 33. Bxb1 Qb6 34. Bd3 Qxc5 35. Qb2 Bd6 36. a4 Qb4 37. Qc2 Bd7 0-1


[Site "https://www.chess.com"]

[Event "Titled Tuesday Blitz July 4 Early 2023"]
[White "Goldin, Roman"]
[Black "Stoleriu, George"]
[WhiteFideId "2803860"]
[BlackFideId "1227505"]
[WhiteElo "2383"]
[BlackElo "2671"]
[Result "0-1"]
[Round "1"]
[TimeControl "180+2"]
[Date "2023.07.04"]
[WhiteClock "0:00:10"]
[BlackClock "0:02:16"]
[Board "120"]

1. e4 e6 2. d4 d5 3. Nd2 Be7 4. Ngf3 Nf6 5. e5 Nfd7 6. Bd3 c5 7. c3 Nc6 8. O-O g5 9. g4 h5 10. h3 Qb6 11. dxc5 Qc7 12. b4 hxg4 13. hxg4 Ncxe5 14. Nxe5 Nxe5 15. Bb5+ Kf8 16. f4 Ng6 17. Nf3 Nxf4 18. Qd4 Ne2+ 0-1


[Site "https://www.chess.com"]

[Event "Titled Tuesday Blitz July 4 Early 2023"]
[White "Radzhabov, Rodion"]
[Black "Barbot, Pierre"]
[WhiteFideId "884715"]
[BlackFideId "663727"]
[WhiteElo "2669"]
[BlackElo "2380"]
[Result "1-0"]
[Round "1"]
[TimeControl "180+2"]
[Date "2023.07.04"]
[WhiteClock "0:00:05"]
[BlackClock "0:00:00"]
[Board "121"]

1. e4 c5 2. Nf3 g6 3. d4 cxd4 4. Qxd4 Nf6 5. e5 Nc6 6. Qa4 Nd5 7. Qe4 Nb6 8. Nc3 Bg7 9. Bf4 d5 10. exd6 Bf5 11. Qe2 Qd7 12. O-O-O O-O 13. dxe7 Qxe7 14. Qxe7 Nxe7 15. Bd6 Rfe8 16. Bb5 Nc6 17. Rhe1 Rxe1 18. Rxe1 Rd8 19. Bc7 Rc8 20. Bxb6 axb6 21. Nd5 Kf8 22. Nxb6 Rd8 23. Bxc6 bxc6 24. Nc4 Rb8 25. b3 Ra8 26. a4 Be6 27. Nfe5 c5 28. f4 Bf5 29. g4 Be6 30. h3 Rd8 31. Rd1 Rb8 32. Rd6 Rb4 33. Rc6 Bxe5 34. Nxe5 Rxf4 35. a5 Bd5 36. a6 Bxc6 37. Nxc6 Re4 38. a7 Re8 39. Nb8 Re1+ 40. Kb2 1-0


[Site "https://www.chess.com"]

[Event "Titled Tuesday Blitz July 4 Early 2023"]
[White "FuenfgegenWilly"]
[Black "Velikanov, Alexander"]
[BlackFideId "2039290"]
[WhiteElo "2379"]
[BlackElo "2666"]
[Result "0-1"]
[Round "1"]
[TimeControl "180+2"]
[Date "2023.07.04"]
[WhiteClock "0:00:00"]
[BlackClock "0:00:11"]
[Board "122"]

1. d4 d5 2. c4 e6 3. Nc3 Nf6 4. cxd5 exd5 5. Bg5 c6 6. Qc2 h6 7. Bh4 Bd6 8. e4 dxe4 9. Nxe4 Bb4+ 10. Nc3 O-O 11. Nf3 Re8+ 12. Be2 Be6 13. O-O Nbd7 14. Rad1 Qa5 15. a3 Bxc3 16. Qxc3 Qxc3 17. bxc3 Bb3 18. Rde1 Nd5 19. c4 Rxe2 20. Rxe2 Bxc4 21. Rb2 Bxf1 22. Rxb7 Rb8 23. Rxb8+ Nxb8 24. Kxf1 f6 25. Bg3 Nd7 26. Bd6 Kf7 27. Ke2 Ke6 28. Bg3 f5 29. Be5 Nxe5 30. Nxe5 c5 31. Kd3 Nf4+ 32. Kc4 cxd4 33. Nc6 d3 34. Kc3 Nxg2 35. Nxa7 Nf4 36. Nb5 Kd5 37. a4 Kc5 38. Nd4 d2 0-1


[Site "https://www.chess.com"]

[Event "Titled Tuesday Blitz July 4 Early 2023"]
[White "Fakhrutdinov, Timur"]
[Black "Philippe, Guillaume"]
[WhiteFideId "24176702"]
[BlackFideId "36048763"]
[WhiteElo "2666"]
[BlackElo "2376"]
[Result "1-0"]
[Round "1"]
[TimeControl "180+2"]
[Date "2023.07.04"]
[WhiteClock "0:00:12"]
[BlackClock "0:00:09"]
[Board "123"]

1. e4 c5 2. Nf3 Nc6 3. d4 cxd4 4. Nxd4 Nf6 5. Nc3 e5 6. Ndb5 d6 7. Bg5 a6 8. Na3 b5 9. Nd5 Be7 10. Bxf6 Bxf6 11. c4 b4 12. Nc2 a5 13. b3 g6 14. g3 Bg7 15. Bg2 O-O 16. O-O Be6 17. Qd3 a4 18. Ndxb4 Nxb4 19. Nxb4 Qb6 20. Nc2 Rfc8 21. Rfd1 Bf8 22. Qe3 Rab8 23. Rd3 Rc7 24. Bf3 Rcb7 25. Bd1 Qc7 26. Rc3 h5 27. b4 Kh7 28. Be2 Bh6 29. Qd3 Qc6 30. Rd1 Rb6 31. a3 f5 32. Bf3 f4 33. c5 dxc5 34. Rxc5 Qe8 35. Rxe5 Bg7 36. Rc5 fxg3 37. hxg3 Bb3 38. Rd2 Rf6 39. Nd4 Rd8 40. e5 Rxd4 41. Qxd4 Rxf3 42. Rc7 Kh8 43. Qd8 Rf8 44. Qxe8 Rxe8 45. f4 g5 46. Rdd7 Rg8 47. Kf2 h4 48. gxh4 gxf4 49. Re7 Ba2 50. h5 Kh7 51. Kf3 Kh6 52. Kxf4 Kxh5 53. Rxg7 Rf8+ 54. Ke3 Re8 55. Rh7+ Kg6 56. Rhg7+ Kf5 57. Kd4 Rd8+ 58. Rgd7 Rh8 59. b5 Rh4+ 60. Kc5 Kxe5 61. Re7+ Kf6 62. b6 Rc4+ 63. Kb5 Rd4 64. b7 Rd1 65. Ka6 Rb1 66. Ka7 Bc4 67. b8=Q Rxb8 68. Kxb8 Bb3 69. Ka7 Kf5 70. Kb6 Kf4 71. Kc5 Kf5 72. Kb4 Bd1 73. Rc3 Kf6 74. Ra7 Ke6 75. Rxa4 Kd6 76. Ra5 Ke6 77. Rac5 Kd6 78. a4 Be2 79. a5 Bf1 80. Rc6+ Kd7 81. R3c5 Bg2 82. Rb6 Kd8 83. a6 Kd7 84. a7 Bh1 85. Rb8 Kd6 86. a8=Q Bxa8 87. Rxa8 Kd7 88. Ra6 Ke7 89. Rc7+ Kd8 90. Rh7 Kc8 91. Ra8# 1-0


[Site "https://www.chess.com"]

[Event "Titled Tuesday Blitz July 4 Early 2023"]
[White "Seletsky, Grigory"]
[Black "Hilary46"]
[WhiteFideId "14112191"]
[WhiteElo "2371"]
[BlackElo "2665"]
[Result "0-1"]
[Round "1"]
[TimeControl "180+2"]
[Date "2023.07.04"]
[WhiteClock "0:00:13"]
[BlackClock "0:01:06"]
[Board "124"]

1. e4 e5 2. Nf3 Nc6 3. Bb5 a6 4. Bxc6 dxc6 5. d4 exd4 6. Qxd4 Qxd4 7. Nxd4 c5 8. Ne2 Bd7 9. Nbc3 O-O-O 10. Bd2 g6 11. O-O-O Bg7 12. Nd5 f5 13. exf5 Bxf5 14. Ne3 Be4 15. Bc3 Rxd1+ 16. Rxd1 Bxc3 17. Nxc3 Nf6 18. Nxe4 Nxe4 19. f3 Nd6 20. Re1 Re8 21. c3 Kd7 22. Nc2 Rxe1+ 23. Nxe1 Ke7 24. Kc2 Ke6 25. Kd3 Kd5 26. Nc2 c4+ 27. Kd2 a5 28. Ke3 b5 29. g4 Nb7 30. Nd4 c6 31. f4 Nc5 32. b3 cxb3 33. axb3 a4 34. bxa4 bxa4 35. Nc2 Kc4 36. f5 gxf5 37. gxf5 Kxc3 38. Na3 Nd7 39. Kf4 Kb3 40. Nb1 a3 41. Nxa3 Kxa3 42. Kg5 c5 43. f6 Nxf6 44. Kxf6 c4 45. h4 c3 46. h5 c2 47. h6 c1=Q 48. Kg7 Qg5+ 49. Kh8 Qxh6 0-1


[Site "https://www.chess.com"]

[Event "Titled Tuesday Blitz July 4 Early 2023"]
[White "Czopor, Maciej"]
[Black "Rabineau, Clement"]
[WhiteFideId "21805431"]
[BlackFideId "628891"]
[WhiteElo "2665"]
[BlackElo "2370"]
[Result "1-0"]
[Round "1"]
[TimeControl "180+2"]
[Date "2023.07.04"]
[WhiteClock "0:01:29"]
[BlackClock "0:00:15"]
[Board "125"]

1. c4 b6 2. Nc3 Bb7 3. e4 c5 4. Nf3 e6 5. d4 cxd4 6. Nxd4 a6 7. Be3 d6 8. Qa4+ Nd7 9. O-O-O Qc7 10. Kb1 Nf6 11. f3 Be7 12. g4 O-O 13. g5 Nh5 14. Rg1 Rfd8 15. Be2 g6 16. f4 e5 17. Nf5 gxf5 18. Bxh5 fxe4 19. f5 Nc5 20. Qc2 Nd3 21. g6 hxg6 22. Bxg6 fxg6 23. Qg2 g5 24. Bxg5 Kf7 25. Bxe7 Qxe7 26. Qg6+ 1-0


[Site "https://www.chess.com"]

[Event "Titled Tuesday Blitz July 4 Early 2023"]
[White "San Thit Lwin"]
[Black "Taspinar, Yanki"]
[WhiteFideId "13001272"]
[BlackFideId "34561188"]
[WhiteElo "2369"]
[BlackElo "2659"]
[Result "1-0"]
[Round "1"]
[TimeControl "180+2"]
[Date "2023.07.04"]
[WhiteClock "0:00:24"]
[BlackClock "0:00:04"]
[Board "126"]

1. Nf3 Nf6 2. c4 c6 3. Nc3 d5 4. d4 Bg4 5. Ne5 Bf5 6. cxd5 Nxd5 7. Qb3 Nd7 8. Nxd5 cxd5 9. Qxd5 Nxe5 10. Qxe5 Bd7 11. e4 e6 12. Bd3 Bb4+ 13. Ke2 O-O 14. Be3 Bc6 15. Rhd1 Rc8 16. Rac1 Bd6 17. Qh5 g6 18. Qh6 Re8 19. Kf1 Bf8 20. Qg5 Qxg5 21. Bxg5 Bg7 22. Be3 Red8 23. Bb1 f5 24. f3 Kf7 25. Ke2 Bb5+ 26. Bd3 Rxc1 27. Rxc1 Bc6 28. Rc4 Rd7 29. b4 Bb5 30. Rc5 Ba4 31. Ra5 b5 32. d5 exd5 33. exf5 d4 34. fxg6+ hxg6 35. Bf4 Re7+ 36. Kd2 Bf8 37. a3 Rd7 38. Bb8 Bh6+ 39. Ke2 Re7+ 40. Kf1 Re3 41. Rxa7+ Kf6 42. Be4 Rc3 43. Rd7 Be3 44. Ke2 Rb3 45. f4 Rb2+ 46. Kf3 Bd1+ 47. Kg3 Bf2+ 48. Kh3 Be3 49. Be5+ Ke6 50. Rxd4 Bxd4 51. Bxd4 Rb3+ 52. Kh4 Rxa3 53. Bxg6 Kd5 54. Bc5 Ra8 55. f5 Ke5 56. g4 Bc2 57. Kg5 Ra1 58. h4 Rg1 59. f6 Bd1 60. Bxg1 Ke6 61. Bc5 Bb3 62. Bf5+ Kf7 63. h5 Kg8 64. Bg6 Kh8 65. Kf4 Bg8 66. g5 Bd5 67. Ke5 Bg8 68. Kd6 Bf7 69. Kc7 Kg8 70. Bxf7+ Kh7 71. Bg6+ Kg8 72. f7+ Kg7 73. f8=Q# 1-0


[Site "https://www.chess.com"]

[Event "Titled Tuesday Blitz July 4 Early 2023"]
[White "Soham Kamotra"]
[Black "Goswami, Vedant"]
[WhiteFideId "46647490"]
[BlackFideId "5003725"]
[WhiteElo "2655"]
[BlackElo "2366"]
[Result "1-0"]
[Round "1"]
[TimeControl "180+2"]
[Date "2023.07.04"]
[WhiteClock "0:00:11"]
[BlackClock "0:00:05"]
[Board "127"]

1. c4 e6 2. g3 Nf6 3. Bg2 d5 4. Nf3 Be7 5. O-O O-O 6. b3 c5 7. e3 d4 8. exd4 cxd4 9. Re1 Nc6 10. d3 Nd7 11. Ba3 e5 12. Qd2 a5 13. Qb2 Bb4 14. Bxb4 Nxb4 15. Qd2 f6 16. Qc1 Nxd3 17. Qd2 Nxe1 18. Nxe1 Nc5 19. Nc2 Bf5 20. Nba3 Qd7 21. Nb5 Bxc2 22. Qxc2 d3 23. Qc3 e4 24. Rd1 Rfd8 25. a3 f5 26. b4 axb4 27. axb4 Na4 28. Qb3 d2 29. Bf1 Kh8 30. c5 Qe7 31. Nd6 Rxd6 32. cxd6 Qxd6 33. Qc2 Qxb4 34. Rxd2 h6 35. Rd7 Qc3 36. Qd1 Nc5 37. Rc7 Ra1 38. Qd8+ Kh7 39. Qf8 b5 40. Qxf5+ Kg8 41. Rc8# 1-0


[Site "https://www.chess.com"]

[Event "Titled Tuesday Blitz July 4 Early 2023"]
[White "Koridze, Lile"]
[Black "Le Ruyet, Leopold"]
[WhiteFideId "13612514"]
[BlackFideId "645923"]
[WhiteElo "2365"]
[BlackElo "2653"]
[Result "1-0"]
[Round "1"]
[TimeControl "180+2"]
[Date "2023.07.04"]
[WhiteClock "0:00:22"]
[BlackClock "0:01:25"]
[Board "128"]

1. d4 d5 2. c3 Nf6 3. Nf3 e6 4. e3 c5 5. Bd3 Nc6 6. O-O Bd6 7. Nbd2 O-O 8. Qe2 b6 9. e4 Be7 10. e5 Nd7 11. b3 f6 12. exf6 Nxf6 13. Bb2 Re8 14. Bb5 Bd7 15. Bxc6 Bxc6 16. Qxe6+ Kh8 17. Qxc6 Bd6 18. dxc5 Bxc5 19. b4 Rc8 20. Qa4 Bd6 21. h3 Ne4 22. Nxe4 dxe4 23. Nd4 Bb8 24. Nc6 Qd7 25. b5 Bc7 26. Qd4 Qf5 27. c4 Qg5 28. Qe3 Bf4 29. Qe2 Re6 30. Rad1 Rce8 31. Qg4 Qh6 32. Rd8 Rxd8 33. Nxd8 Re8 34. Nf7+ 1-0


[Site "https://www.chess.com"]

[Event "Titled Tuesday Blitz July 4 Early 2023"]
[White "Souleidis, Georgios"]
[Black "Labussiere, Yago"]
[WhiteFideId "4206827"]
[BlackFideId "2186969"]
[WhiteElo "2652"]
[BlackElo "2365"]
[Result "1-0"]
[Round "1"]
[TimeControl "180+2"]
[Date "2023.07.04"]
[WhiteClock "0:00:06"]
[BlackClock "0:00:00"]
[Board "129"]

1. e4 c5 2. Nf3 Nc6 3. Bc4 e6 4. O-O Nf6 5. Re1 d6 6. Bf1 Be7 7. c3 O-O 8. d4 cxd4 9. cxd4 e5 10. d5 Nb8 11. Nc3 Nbd7 12. Be3 a6 13. Nd2 b5 14. f3 Nc5 15. b4 Ncd7 16. Nb3 Ne8 17. Na5 Bg5 18. Bf2 Qf6 19. a4 bxa4 20. Nxa4 Qh6 21. Nc6 f5 22. exf5 Rxf5 23. Bd3 Rf7 24. Nc3 Ndf6 25. Ne4 Nxe4 26. Bxe4 Nf6 27. b5 Nxe4 28. fxe4 Rxf2 29. Kxf2 Qxh2 30. Rh1 Bh4+ 31. Ke3 Bg5+ 32. Kd3 Qxg2 33. Qe2 Qg3+ 34. Kc2 Bg4 35. Rhg1 Qxg1 36. Rxg1 Bxe2 37. b6 1-0


[Site "https://www.chess.com"]

[Event "Titled Tuesday Blitz July 4 Early 2023"]
[White "Topalov, Aleksandar"]
[Black "Koellner, Ruben Gideon"]
[WhiteFideId "925659"]
[BlackFideId "12993093"]
[WhiteElo "2364"]
[BlackElo "2652"]
[Result "0-1"]
[Round "1"]
[TimeControl "180+2"]
[Date "2023.07.04"]
[WhiteClock "0:00:06"]
[BlackClock "0:00:47"]
[Board "130"]

1. b3 d5 2. Bb2 Nd7 3. Nf3 Ngf6 4. e3 e6 5. d4 c5 6. Nbd2 g6 7. Bd3 Bg7 8. O-O O-O 9. c4 b6 10. cxd5 Nxd5 11. Rc1 Bb7 12. Qe2 Rc8 13. Nc4 Qe7 14. dxc5 Nxc5 15. Bb1 Rfd8 16. Bxg7 Kxg7 17. Qb2+ Qf6 18. Qxf6+ Kxf6 19. Rfd1 Ba6 20. g3 Ke7 21. Nfe5 f6 22. Nf3 Nb4 23. Rxd8 Rxd8 24. Nd4 e5 25. Nf3 Bxc4 26. bxc4 Nbd3 27. Rd1 Nb2 28. Rc1 Rd1+ 29. Rxd1 Nxd1 30. Bc2 Nc3 31. Bb3 a5 32. Nd2 a4 33. Bc2 Nxa2 34. Kf1 Nb4 35. Bb1 a3 0-1


[Site "https://www.chess.com"]

[Event "Titled Tuesday Blitz July 4 Early 2023"]
[White "Ahmad, Khagan"]
[Black "Ahn, Hongjin"]
[WhiteFideId "13431552"]
[BlackFideId "13201492"]
[WhiteElo "2651"]
[BlackElo "2364"]
[Result "1-0"]
[Round "1"]
[TimeControl "180+2"]
[Date "2023.07.04"]
[WhiteClock "0:00:17"]
[BlackClock "0:00:05"]
[Board "131"]

1. d4 Nf6 2. c4 e6 3. Nc3 d5 4. cxd5 exd5 5. Bg5 c6 6. e3 Be7 7. Bd3 O-O 8. Qc2 h6 9. Bh4 Re8 10. Nge2 Ne4 11. Bxe7 Qxe7 12. Bxe4 dxe4 13. Ng3 f5 14. O-O-O Na6 15. a3 Be6 16. f3 exf3 17. gxf3 Nc7 18. Rhg1 Kh8 19. e4 Qf7 20. Nxf5 Bxf5 21. exf5 Re3 22. Qg2 Rae8 23. Ne4 Re7 24. f6 gxf6 25. Nxf6 Re8 26. Nxe8 Rxe8 27. Qg6 Qf4+ 28. Kb1 Qf8 29. Rde1 Rd8 30. Re7 1-0


[Site "https://www.chess.com"]

[Event "Titled Tuesday Blitz July 4 Early 2023"]
[White "Silva, Pedro Gil Ferreira Da"]
[Black "Guerra Tulcan, Lenin"]
[WhiteFideId "1946102"]
[BlackFideId "3601382"]
[WhiteElo "2362"]
[BlackElo "2648"]
[Result "0-1"]
[Round "1"]
[TimeControl "180+2"]
[Date "2023.07.04"]
[WhiteClock "0:01:08"]
[BlackClock "0:01:14"]
[Board "132"]

1. e4 c5 2. Nf3 d6 3. d4 cxd4 4. Qd3 Nc6 5. Nxd4 Nf6 6. Nc3 a6 7. Bg5 e6 8. O-O-O Be7 9. Nxc6 bxc6 10. f4 Qc7 11. Kb1 e5 12. f5 Rb8 13. Be2 h6 14. Be3 O-O 15. Bf3 Rd8 16. Qc4 Qa5 17. b3 Rb4 18. Qd3 Bb7 19. Bd2 d5 20. Qe2 d4 21. Na4 Qxa4 22. Bxb4 Qxb4 23. g4 c5 24. h4 c4 25. g5 d3 26. cxd3 cxb3 27. gxf6 bxa2+ 28. Ka1 Bc5 29. d4 Bxd4+ 30. Rxd4 Qxd4+ 31. Qb2 Qxb2+ 32. Kxb2 Rd2+ 33. Ka1 gxf6 0-1


[Site "https://www.chess.com"]

[Event "Titled Tuesday Blitz July 4 Early 2023"]
[White "Martinez Ramirez, Lennis"]
[Black "Petrova, Irina"]
[WhiteFideId "3509079"]
[BlackFideId "14124122"]
[WhiteElo "2647"]
[BlackElo "2361"]
[Result "1-0"]
[Round "1"]
[TimeControl "180+2"]
[Date "2023.07.04"]
[WhiteClock "0:02:03"]
[BlackClock "0:01:41"]
[Board "133"]

1. e4 e5 2. Nf3 Nc6 3. Bb5 a6 4. Ba4 Nf6 5. d3 b5 6. Bb3 Bc5 7. a4 Rb8 8. axb5 axb5 9. O-O d6 10. h3 O-O 11. Bg5 h6 12. Bh4 g5 13. Nxg5 hxg5 14. Bxg5 Kg7 15. Nc3 Be6 16. Kh1 Nd4 17. f4 Nxb3 18. fxe5 Bd4 19. Bxf6+ 1-0


[Site "https://www.chess.com"]

[Event "Titled Tuesday Blitz July 4 Early 2023"]
[White "Fernandez Siles, Luis"]
[Black "Zochowski, Kacper"]
[WhiteFideId "2209420"]
[BlackFideId "1125494"]
[WhiteElo "2359"]
[BlackElo "2646"]
[Result "1-0"]
[Round "1"]
[TimeControl "180+2"]
[Date "2023.07.04"]
[WhiteClock "0:00:41"]
[BlackClock "0:00:00"]
[Board "134"]

1. e4 d6 2. Nc3 Nf6 3. f4 e5 4. Nf3 exf4 5. Bc4 Be6 6. Bxe6 fxe6 7. d4 Nh5 8. O-O g6 9. Qe2 Bg7 10. Qb5+ Qd7 11. Qxb7 Qc6 12. Qb3 Kd7 13. Kh1 h6 14. d5 exd5 15. Nxd5 g5 16. Nb4 Qb5 17. Qf7+ Kc8 18. Bd2 Qe8 19. Qd5 c6 20. Qxd6 a5 21. Nd3 Qd7 22. Qg6 Qe8 23. Qd6 Qd7 24. Qc5 Bf8 25. Qc3 Bg7 26. e5 Na6 27. Qxa5 Nc7 28. Qb4 Nd5 29. Qc5 Bf8 30. Qc4 Nb6 31. Qc3 Nd5 32. Qc4 Nb6 33. Qe4 Qd5 34. Qg6 Ng3+ 35. hxg3 fxg3 36. Qf5+ Kb7 37. Nb4 Qc4 38. b3 1-0


[Site "https://www.chess.com"]

[Event "Titled Tuesday Blitz July 4 Early 2023"]
[White "Tan, Jun Ying"]
[Black "Sovetbekova, Nurai"]
[WhiteFideId "5710413"]
[BlackFideId "13801910"]
[WhiteElo "2646"]
[BlackElo "2359"]
[Result "1-0"]
[Round "1"]
[TimeControl "180+2"]
[Date "2023.07.04"]
[WhiteClock "0:00:33"]
[BlackClock "0:00:00"]
[Board "135"]

1. d4 Nf6 2. c4 e6 3. Nc3 Bb4 4. e3 O-O 5. Ne2 d5 6. a3 Be7 7. cxd5 Nxd5 8. Bd2 b6 9. Nxd5 exd5 10. g3 Bg4 11. Bg2 Qd7 12. O-O c5 13. dxc5 bxc5 14. Be1 Rd8 15. Qc2 Nc6 16. Nf4 Bf5 17. Qa4 Be4 18. Bxe4 dxe4 19. Qxe4 Bf6 20. Bc3 Bxc3 21. bxc3 Na5 22. Rfd1 Qg4 23. Rxd8+ Rxd8 24. Qa4 Nb7 25. Qxa7 Qf3 26. c4 g5 27. Nd5 Nd6 28. Qe7 1-0


[Site "https://www.chess.com"]

[Event "Titled Tuesday Blitz July 4 Early 2023"]
[White "TomLiu777"]
[Black "Iskusnyh, Sergei"]
[BlackFideId "4120027"]
[WhiteElo "2356"]
[BlackElo "2643"]
[Result "0-1"]
[Round "1"]
[TimeControl "180+2"]
[Date "2023.07.04"]
[WhiteClock "0:00:00"]
[BlackClock "0:00:23"]
[Board "136"]

1. c4 e5 2. Nc3 Bb4 3. Nd5 Be7 4. Nf3 d6 5. d4 Nf6 6. e3 O-O 7. Be2 Nxd5 8. cxd5 c6 9. dxc6 Nxc6 10. d5 Nb8 11. e4 f5 12. exf5 Bxf5 13. O-O Nd7 14. Be3 Kh8 15. Rc1 Nb6 16. Qb3 Be4 17. Rfd1 Rc8 18. Rxc8 Qxc8 19. Rc1 Qf5 20. Bxb6 axb6 21. Bd3 Bxd3 22. Qxb6 e4 23. Ne1 Bd8 24. Qd4 Bg5 25. Rc7 Bf6 26. Qe3 Qxd5 27. Qh3 Bd4 28. Rc8 Bxf2+ 29. Kh1 Qg8 30. Rxf8 Qxf8 31. Nxd3 exd3 32. Qxd3 Bc5 33. h3 h6 34. b3 Qf2 35. Kh2 Bd4 36. Qd1 Be5+ 37. Kh1 Qg3 38. Kg1 Qh2+ 39. Kf2 Qf4+ 40. Kg1 Qd4+ 41. Qxd4 Bxd4+ 42. Kf1 Kg8 43. a4 Bc3 44. a5 Bxa5 0-1


[Site "https://www.chess.com"]

[Event "Titled Tuesday Blitz July 4 Early 2023"]
[White "Vaibhav Jayant Raut"]
[Black "Korpics, Zsolt"]
[WhiteFideId "5089034"]
[BlackFideId "705241"]
[WhiteElo "2642"]
[BlackElo "2352"]
[Result "1-0"]
[Round "1"]
[TimeControl "180+2"]
[Date "2023.07.04"]
[WhiteClock "0:00:11"]
[BlackClock "0:00:05"]
[Board "137"]

1. e4 c5 2. Nf3 e6 3. d4 cxd4 4. Nxd4 Nc6 5. Nc3 Qc7 6. Be3 a6 7. Be2 Nf6 8. f3 Bb4 9. O-O O-O 10. Qd3 Ne5 11. Qd2 Nc4 12. Bxc4 Qxc4 13. a3 Bxc3 14. bxc3 d5 15. Bg5 Nd7 16. exd5 Qxd5 17. Rad1 b5 18. Nb3 Qxd2 19. Rxd2 Ne5 20. Na5 f6 21. Bf4 Ng6 22. Be3 e5 23. c4 bxc4 24. Nxc4 Be6 25. Nb6 Rab8 26. Rd6 Bc8 27. Rfd1 Ne7 28. Bc5 Bf5 29. c4 Nc8 30. Rc6 Nxb6 31. Bxf8 Kxf8 32. c5 Nd7 33. g4 Be6 34. Rxe6 Nxc5 35. Rc6 Na4 36. Rxa6 Nc3 37. Re1 Nd5 38. Rd6 Nf4 39. Rd2 Ra8 40. Re3 Ra4 41. Ra2 Ne6 42. Re4 Nd4 43. Kf2 Ra6 44. f4 Ra5 45. a4 Ke7 46. Ke3 Kd6 47. fxe5+ fxe5 48. Rxd4+ exd4+ 49. Kxd4 Ke6 50. Kc4 Kd6 51. Kb4 Rg5 52. h3 Kc6 53. a5 Kb7 54. Rf2 Rg6 55. Kb5 Ka7 56. Rf7+ Kb8 57. a6 Ka8 58. Rf8+ Ka7 59. Rf7+ Ka8 60. Kc5 Rxa6 61. Rxg7 Rh6 62. Kd5 Rxh3 63. Ke6 Kb8 64. Kf7 h5 65. g5 Rg3 66. g6 h4 67. Rh7 h3 68. g7 Rf3+ 69. Ke6 Rg3 70. Rh8+ Kb7 71. g8=Q Rxg8 72. Rxg8 h2 73. Rh8 h1=Q 74. Rxh1 Kc6 75. Rc1+ Kb5 76. Kd5 1-0


[Site "https://www.chess.com"]

[Event "Titled Tuesday Blitz July 4 Early 2023"]
[White "Glavina, Pablo"]
[Black "Niekras, Dawid"]
[WhiteFideId "100234"]
[BlackFideId "1160451"]
[WhiteElo "2349"]
[BlackElo "2642"]
[Result "1-0"]
[Round "1"]
[TimeControl "180+2"]
[Date "2023.07.04"]
[WhiteClock "0:00:31"]
[BlackClock "0:00:00"]
[Board "138"]

1. c4 e5 2. Nc3 Nf6 3. Nf3 Nc6 4. g3 d5 5. cxd5 Nxd5 6. Bg2 Nb6 7. O-O Be7 8. b3 O-O 9. Bb2 Re8 10. Qc1 Bf8 11. Rd1 Nd4 12. Nxd4 exd4 13. Nb5 c5 14. e3 a6 15. Na3 Bg4 16. Re1 Qd7 17. Nc4 Nxc4 18. Qxc4 b5 19. Qd5 Qxd5 20. Bxd5 Rad8 21. Bc6 Re6 22. Bg2 dxe3 23. dxe3 Red6 24. Rec1 R6d7 25. Bf1 Be6 26. Ba3 Rc8 27. Rc2 f6 28. Rac1 Rdc7 29. Bb2 Kf7 30. e4 c4 31. f4 Bd6 32. f5 Bd7 33. bxc4 Bc5+ 34. Kg2 b4 35. Be2 Ba4 36. Rd2 Be3 37. Rcd1 Bxd2 38. Rxd2 Rd7 39. Rd5 Bc6 40. Rxd7+ Bxd7 41. Kf3 a5 42. Ke3 Ke7 43. Bd4 Kd6 44. c5+ Kc6 45. Bc4 Rb8 46. Bd5+ Kc7 47. g4 Bc6 48. Be6 Rd8 49. g5 Rf8 50. h4 a4 51. e5 a3 52. exf6 gxf6 53. gxf6 Rb8 54. Be5+ Kb7 55. Bxb8 Kxb8 56. f7 1-0


[Site "https://www.chess.com"]